 Dungeon Crawl Stone Soup version 0.29.1-1-gd02db6906a (webtiles) character file.

Game seed: 4502884870493570848

454 LustLizard the Sneak (level 6, -6/30 HPs)
             Began as a Spriggan Arcane Marksman on Sept 22, 2022.
             Killed from afar by Blork the orc (7 damage)
             ... with a magic dart
             ... on level 5 of the Dungeon.
             The game lasted 00:09:03 (4977 turns).

LustLizard the Sneak (Spriggan Arcane Marksman)     Turns: 4977, Time: 00:09:03

Health: -6/30      AC:  2    Str:  6    XL:     6   Next: 76%
Magic:  9/9        EV: 17    Int: 14    God:
Gold:   258        SH:  0    Dex: 18    Spells: 3/7 levels left

rFire   . . .      SeeInvis +   a - +1 sling
rCold   . . .      Faith    .   (no shield)
rNeg    . . .      Spirit   .   c - +0 robe
rPois   .          Reflect  .   (helmet restricted)
rElec   .          Harm     .   (no cloak)
rCorr   +          Rampage  .   (gloves unavailable)
Will    +....                   (boots unavailable)
Stlth   +++.......              (no amulet)
HPRegen 0.10/turn               v - ring of resist corrosion
MPRegen 0.11/turn               (no ring)

@: very quick
A: very small, no large weapons, unfitting armour, see invisible, speed 3
a: no special abilities


You were on level 5 of the Dungeon.
You visited 1 branch of the dungeon, and saw 5 of its levels.

You collected 258 gold pieces.

Inventory:

Hand Weapons
 a - a +1 sling (weapon)
Armour
 c - a +0 robe (worn)
Jewellery
 v - a ring of resist corrosion (left hand)
Wands
 u - a wand of digging (3)
 w - a wand of flame (15)
Scrolls
 b - 2 scrolls of poison
 e - a scroll of amnesia {unknown}
 f - a scroll of immolation {unknown}
 j - a scroll of silence {unknown}
 k - 2 scrolls of teleportation
 m - a scroll of enchant armour {unknown}
 p - a scroll of enchant weapon {unknown}
 r - a scroll of torment {unknown}
 t - a scroll of magic mapping {unknown}
Potions
 d - 6 potions of curing
 g - a potion of brilliance
 h - a potion of attraction
 i - a potion of degeneration {unknown}
 l - 2 potions of might
 n - a potion of flight {unknown}
 o - a potion of lignification {unknown}
 q - 2 potions of haste
 s - a potion of invisibility {unknown}


   Skills:
 + Level 2.2 Fighting
 * Level 4.4 Ranged Weapons
 - Level 2.6 Dodging
 * Level 5.9 Stealth
 - Level 1.3 Spellcasting
 - Level 4.0 Hexes
 - Level 4.0 Translocations


You had 3 spell levels left.
You knew the following spells:

 Your Spells              Type           Power      Damage    Failure   Level
a - Slow                  Hex            48%        N/A       4%          1
b - Portal Projectile     Hex/Tloc       24%        N/A       14%         3

Your spell library contained the following spells:

 Spells                   Type           Power      Damage    Failure   Level
 Gell's Gravitas          Tloc           12%        N/A       14%         3
 Teleport Other           Tloc           12%        N/A       14%         3
 Inner Flame              Hex/Fire       6%         N/A       32%         3
 Call Canine Familiar     Summ           0%         N/A       58%         3
 Cause Fear               Hex            6%         N/A       43%         4
 Leda's Liquefaction      Hex/Erth       3%         N/A       73%         4
 Dispersal                Tloc           6%         N/A       100%        6


Dungeon Overview and Level Annotations

Branches:
Dungeon (5/15)
 Temple: D:4-7

Altars:
Ashenzari
Gozag
Nemelex Xobeh
Okawaru
Xom

Annotations:
D:5 Blork the orc


Innate Abilities, Weirdness & Mutations

You are very small and have problems with some larger weapons.
You are too small for most types of armour.
You have supernaturally acute eyesight. (SInv)
You cover ground extremely quickly. (Speed+++)


Message History

The scorpion is heavily wounded.
You shoot a sling bullet. The sling bullet hits the scorpion.
The scorpion is heavily wounded.
You shoot a sling bullet. The sling bullet hits the scorpion.
The scorpion is almost dead.
You shoot a sling bullet.
The sling bullet barely misses the scorpion.
The scorpion closely misses you. The scorpion barely misses you.
You shoot a sling bullet. The sling bullet hits the scorpion.
You kill the scorpion!
Blork the orc comes into view.
He is wielding a +0 long sword.
Found an iron altar of Okawaru.
You shoot a sling bullet. The sling bullet hits Blork the orc.
Blork the orc shouts!
Blork the orc is lightly wounded.
Blork the orc casts a spell.
Blork the orc seems to speed up.
You shoot a sling bullet.
The sling bullet barely misses Blork the orc.
Blork the orc complains loudly.
You shoot a sling bullet.
The sling bullet hits Blork the orc but does no damage.
Blork the orc is lightly wounded.
Blork the orc drinks a potion.
Blork the orc's spells are empowered!
You shoot a sling bullet. The sling bullet hits Blork the orc.
Blork the orc is lightly wounded.
You shoot a sling bullet. The sling bullet hits Blork the orc.
Blork the orc is moderately wounded.
Blork the orc gestures at you while chanting.
The puff of flame hits you!
You shoot a sling bullet. The sling bullet hits Blork the orc.
Blork the orc is heavily wounded.
Blork the orc casts a spell at you. The puff of flame hits you!
Blork the orc casts a spell at you. The puff of flame hits you!
* * * LOW HITPOINT WARNING * * *
Blork the orc casts a spell at you. The magic dart hits you!
You die...

#.# ##### #.###....
##.##.....
######...#..### ##
.........#..##. ..
######.........
.####.######
##.###.#<.
.......o...########.#
#....
.#.♣...♣.#@.........#
###..
♣._.♣.###.######.#
#.. ♣...♣.#...#
#.#####..
.......'.#.#
#.<......
####'######.#
####.###. #. #.#
#..... ## ... #####.
#.# #. #.# ..


You could see Blork the orc (fast, empowered).

Vanquished Creatures
  A necrophage (D:4)
  3 scorpions
  A jelly (D:5)
  7 adders
  A gnoll (D:1)
  A white imp (D:5)
  2 ufetubi
  A worm (D:3)
  A dart slug (D:3)
  8 orcs
  4 endoplasms
  2 giant cockroaches
  8 goblins
  9 hobgoblins
  3 kobolds
  4 quokkas
  4 ball pythons
  4 bats
  2 frilled lizards
  5 rats
71 creatures vanquished.

Notes
Turn   | Place    | Note
-------+----------+-------------------------------------------
     0 | D:1      | LustLizard the Spriggan Arcane Marksman began the quest for
                  | the Orb.
     0 | D:1      | Reached XP level 1. HP: 9/9 MP: 3/3
   186 | D:1      | Reached skill level 1 in Stealth
   186 | D:1      | Reached XP level 2. HP: 14/14 MP: 5/5
   445 | D:1      | Reached skill level 1 in Fighting
   726 | D:1      | Reached skill level 2 in Stealth
   905 | D:1      | Reached XP level 3. HP: 17/18 MP: 6/6
  1137 | D:2      | Learned a level 3 spell: Portal Projectile
  1444 | D:2      | Found a sparkling altar of Nemelex Xobeh.
  1661 | D:2      | Reached skill level 1 in Translocations
  2401 | D:3      | Reached skill level 3 in Stealth
  2463 | D:3      | Reached XP level 4. HP: 21/22 MP: 7/7
  2968 | D:3      | Found a faded altar of an unknown god.
  3018 | D:3      | Found a shimmering altar of Xom.
  3018 | D:3      | Found an opulent altar of Gozag.
  3302 | D:4      | Noticed a scorpion
  3328 | D:4      | Killed a scorpion
  3329 | D:4      | Reached skill level 4 in Stealth
  3329 | D:4      | Reached XP level 5. HP: 25/25 MP: 6/8
  3734 | D:4      | Found a broken altar of Ashenzari.
  4449 | D:4      | Reached XP level 6. HP: 23/30 MP: 9/9
  4567 | D:5      | Entered Level 5 of the Dungeon
  4807 | D:4      | Reached skill level 5 in Stealth
  4968 | D:5      | Found an iron altar of Okawaru.
  4968 | D:5      | Noticed Blork the orc
  4974 | D:5      | HP: 1/30 [Blork the orc/puff of flame (10)]
  4977 | D:5      | Killed from afar by Blork the orc

Illustrated notes

Levels and vault maps discovered:
D:1:      dreamdust_arrival_sigmund_warning, layout_loops_ring, minmay_3d_cube
D:2:      layout_loops_cross, basic_altar, guppyfry_early_orc_mine
D:3:      layout_basic, gammafunk_temple_overflow_statue,
          nicolae_ecumenical_oubliette
D:4:      cheibrodos_barr_body, layout_loops_cross, lemuel_crystal_altar
D:5:      layout_loops_ring, slow_altar_1, mainiacjoe_overflow_six_doors_small,
          amcnicky_altar_gilded, uniq_blork_the_orc

Skill      XL: |  1  2  3  4  5  6 |
---------------+-------------------+-----
Stealth        | 1 2 3 4 5 |  5.9
Fighting       | 1 2 |  2.2
Hexes          | 4 |  4.0
Translocations | 1 2 3 4 |  4.0
Ranged Weapons | 3 4 |  4.4
Dodging        | |  2.6
Spellcasting   | |  1.3

Action                   |  1- 3 |  4- 6 || total
-------------------------+-------+-------++-------
 Fire: Sling             |   158 |   167 ||   325
 Cast: Slow              |     3 |    13 ||    16
  Use: Scroll            |     4 |     2 ||     6
Armor: Robe              |     9 |     3 ||    12
Dodge: Dodged            |    48 |    57 ||   105
